 Dungeon Crawl Stone Soup version 0.28-a0-1080-g05a166d0ed (webtiles) character file.

Game seed: 5872431389518593482

520 garrulousMonolith the Poker (level 7, 0/60 HPs)
             Began as a Gnoll Cinder Acolyte on Dec 9, 2021.
             Was a High Priest of Ignis.
             Slain by a sky beast (6 damage)
             ... on level 4 of the Dungeon.
             The game lasted 00:04:31 (3632 turns).

garrulousMonolith the Poker (Gnoll Cinder Acolyte)  Turns: 3632, Time: 00:04:31

Health: 0/60       AC:  6    Str: 14    XL:     7   Next: 21%
Magic:  4/12       EV: 10    Int: 15    God:    Ignis [*****.]
Gold:   143        SH:  0    Dex:  7    Spells: 11/13 levels left

rFire   + . .      SeeInvis .   p - +2 short sword (venom)
rCold   . . .      Faith    .   (no shield)
rNeg    . . .      Spirit   .   s - +0 ring mail
rPois   .          Reflect  .   (no helmet)
rElec   .          Harm     .   (no cloak)
rCorr   .          Rampage  .   d - +0 pair of gloves
Will    .....                   (no boots)
Stlth   +.........              (no amulet)
HPRegen 0.20/turn               (no ring)
MPRegen 0.13/turn               (no ring)

@: lethally poisoned (0 -> -3)
A: fangs 1, strong nose, distributed training
a: Renounce Religion, Fiery Armour, Foxfire Swarm, Rising Flame


You were on level 4 of the Dungeon.
You worshipped Ignis.
Ignis was extremely pleased with you.
You visited 1 branch of the dungeon, and saw 5 of its levels.

You collected 143 gold pieces.

Inventory:

Hand Weapons
 a - a -1 spear of flaming
 e - a +0 mace
 p - a +2 short sword of venom (weapon)
Missiles
 c - 68 stones (quivered)
 i - 3 boomerangs
 n - 10 poisoned darts
Armour
 d - a +0 pair of gloves (worn)
 j - a +0 leather armour
 s - a +0 ring mail (worn)
Wands
 u - a wand of iceblast (6)
Scrolls
 f - 2 scrolls of blinking {unknown}
 g - a scroll of vulnerability
 h - a scroll of identify
 l - a scroll of torment {unknown}
 o - a scroll of teleportation {unknown}
 t - a scroll of immolation {unknown}
Potions
 b - 2 potions of attraction
 k - a potion of mutation {unknown}
 m - 2 potions of curing {unknown}
 q - a potion of lignification {unknown}
 r - 2 potions of brilliance {unknown}


   Skills:
 + Level 7.0 Fighting
 + Level 2.3 Short Blades
 + Level 2.3 Long Blades
 + Level 2.3 Axes
 + Level 2.3 Maces & Flails
 + Level 7.0 Polearms
 + Level 2.3 Staves
 + Level 2.3 Slings
 + Level 2.3 Bows
 + Level 2.3 Crossbows
 + Level 2.3 Throwing
 + Level 2.3 Armour
 + Level 2.3 Dodging
 + Level 2.3 Stealth
 + Level 2.3 Shields
 + Level 2.3 Unarmed Combat
 + Level 3.7 Spellcasting
 + Level 1.9 Conjurations
 + Level 1.9 Hexes
 + Level 1.9 Summonings
 + Level 1.9 Necromancy
 + Level 1.9 Translocations
 + Level 1.9 Transmutations
 + Level 5.8 Fire Magic
 + Level 1.9 Ice Magic
 + Level 1.9 Air Magic
 + Level 1.9 Earth Magic
 + Level 1.9 Poison Magic
 + Level 2.6 Invocations
 + Level 2.3 Evocations


You had 11 spell levels left.
You knew the following spells:

 Your Spells              Type           Power      Damage    Failure   Level
a - Scorch                Fire           40%        2d7       4%          2

Your spell library contained the following spells:

 Spells                   Type           Power      Damage    Failure   Level


Dungeon Overview and Level Annotations

Branches:
Dungeon (5/15)
 Temple: D:4-7

Altars:
Kikubaaqudgha


Innate Abilities, Weirdness & Mutations

You have very sharp teeth.
Your uncanny sense of smell can sniff out nearby items.
Your experience applies equally to all skills.


Message History

You feel sick.
The adder is no longer more vulnerable to fire.
The adder closely misses you. The hound closely misses you.
The water moccasin zombie closely misses you.
You feel sick. The hound bites you but does no damage. The adder misses you.
The sky beast hits you. The sky beast shocks you.
The water moccasin zombie bites you. The hound barely misses you.
The adder bites you but does no damage.
You climb upwards.
You feel sick.
There is a stone staircase leading down here.
You hit the sky beast. Your bite misses the sky beast.
The sky beast is lightly wounded.
You feel sick.
You are no longer poisoned.
The sky beast hits you but does no damage.
The hound closely misses you. The adder barely misses you.
You hit the sky beast.
The sky beast is poisoned.
The sky beast is lightly wounded.
The hound is no longer more vulnerable to fire.
The hound barely misses you. The sky beast hits you. The sky beast shocks you.
The adder bites you but does no damage. The hound bites you but does no damage.
Your magical contamination has completely faded away.
You closely miss the sky beast.
The sky beast is moderately wounded.
The adder bites you.
* * * LOW HITPOINT WARNING * * *
You are poisoned.
The adder poisons you! The sky beast hits you.
* * * LOW HITPOINT WARNING * * *
The sky beast shocks you.
* * * LOW HITPOINT WARNING * * *
The hound barely misses you.
Casting: Scorch (safe; 4% risk of failure)
Confirm with . or Enter, or press ? or * to list all spells.
Flames lash the adder.
You kill the adder!
You feel sick. The hound bites you but does no damage. The sky beast hits you.
* * * LOW HITPOINT WARNING * * *
The sky beast shocks you.
You die...

.......#.... ..#...#.....
###...##......... >.......#.
...#.##..........# ###.....#.####
....##..........#
####.#.......###.#.............#
#....##.#.##.....#$##..........#
#.##..#.#.....................##
................Y..............#
#.###>J###......@†.............#
# ##..##.......h.#........<..#
##............#...........#
...............................#
#########.#..########............
......# ###......#### #......#
######... .......# #.##. ......#
#.# #


You could see a sky beast (very poisoned) and a hound.

Vanquished Creatures
  A yak (D:3)
  An ogre (D:5)
  A necrophage (D:4)
  A vampire bat (D:3)
  2 hounds (D:4)
  A gnoll (D:1)
  6 adders
  2 dart slugs
  2 orcs (D:3)
  4 bats (D:1)
  2 bat skeletons (D:3)
  3 bat zombies (D:3)
  3 endoplasms
  A giant cockroach (D:1)
  4 goblins
  12 hobgoblins
  2 jackals (D:1)
  7 kobolds
  3 quokkas
  4 ball pythons
  2 frilled lizards
  2 rats
66 creatures vanquished.

Notes
Turn   | Place    | Note
-------+----------+-------------------------------------------
     0 | D:1      | garrulousMonolith the Gnoll Cinder Acolyte began the quest
                  | for the Orb.
     0 | D:1      | Reached XP level 1. HP: 23/23 MP: 4/4
   147 | D:1      | Reached XP level 2. HP: 23/29 MP: 5/5
   150 | D:1      | Learned a level 2 spell: Scorch
   290 | D:1      | You fall into a shaft and drop 1 floor!
   306 | D:2      | Reached XP level 3. HP: 20/35 MP: 2/7
   564 | D:2      | Reached skill level 1 in Invocations
   680 | D:2      | Reached skill level 1 in Short Blades
   680 | D:2      | Reached skill level 1 in Long Blades
   680 | D:2      | Reached skill level 1 in Axes
   680 | D:2      | Reached skill level 1 in Maces & Flails
   680 | D:2      | Reached skill level 1 in Staves
   680 | D:2      | Reached skill level 1 in Slings
   680 | D:2      | Reached skill level 1 in Bows
   680 | D:2      | Reached skill level 1 in Crossbows
   680 | D:2      | Reached skill level 1 in Throwing
   680 | D:2      | Reached skill level 1 in Armour
   680 | D:2      | Reached skill level 1 in Dodging
   680 | D:2      | Reached skill level 1 in Stealth
   680 | D:2      | Reached skill level 1 in Shields
   680 | D:2      | Reached skill level 1 in Unarmed Combat
   680 | D:2      | Reached skill level 1 in Evocations
   680 | D:2      | Reached XP level 4. HP: 41/41 MP: 3/8
  1309 | D:1      | Reached skill level 1 in Conjurations
  1309 | D:1      | Reached skill level 1 in Hexes
  1309 | D:1      | Reached skill level 1 in Summonings
  1309 | D:1      | Reached skill level 1 in Necromancy
  1309 | D:1      | Reached skill level 1 in Translocations
  1309 | D:1      | Reached skill level 1 in Transmutations
  1309 | D:1      | Reached skill level 1 in Ice Magic
  1309 | D:1      | Reached skill level 1 in Air Magic
  1309 | D:1      | Reached skill level 1 in Earth Magic
  1309 | D:1      | Reached skill level 1 in Poison Magic
  2639 | D:3      | Found an ancient bone altar of Kikubaaqudgha.
  2649 | D:3      | Reached XP level 5. HP: 44/47 MP: 4/9
  3167 | D:4      | Noticed a necrophage
  3174 | D:4      | Killed a necrophage
  3175 | D:4      | Reached XP level 6. HP: 53/53 MP: 3/11
  3250 | D:4      | Noticed a yak
  3250 | D:4      | Noticed a yak
  3251 | D:4      | Noticed a yak
  3291 | D:3      | Killed a yak
  3501 | D:5      | Entered Level 5 of the Dungeon
  3507 | D:5      | Reached XP level 7. HP: 60/60 MP: 7/12
  3632 | D:4      | Slain by a sky beast

Illustrated notes

Levels and vault maps discovered:
D:1:      giann_horns, layout_loops_ring
D:2:      layout_loops_ring
D:3:      layout_rooms, kennysheep_vampire_church
D:4:      layout_rooms
D:5:      layout_cave_pools, minmay_temple_entry_nine_rooms, serial_shops, shop,
          minmay_small_thing

Skill      XL: |  1  2  3  4  5  6 |
---------------+-------------------+-----
Invocations    | 1 2 |  2.6
Short Blades   | 1 2 |  2.3
Long Blades    | 1 2 |  2.3
Axes           | 1 2 |  2.3
Maces & Flails | 1 2 |  2.3
Staves         | 1 2 |  2.3
Slings         | 1 2 |  2.3
Bows           | 1 2 |  2.3
Crossbows      | 1 2 |  2.3
Throwing       | 1 2 |  2.3
Armour         | 1 2 |  2.3
Dodging        | 1 2 |  2.3
Stealth        | 1 2 |  2.3
Shields        | 1 2 |  2.3
Unarmed Combat | 1 2 |  2.3
Evocations     | 1 2 |  2.3
Spellcasting   | 3 |  3.7
Conjurations   | 1 |  1.9
Hexes          | 1 |  1.9
Summonings     | 1 |  1.9
Necromancy     | 1 |  1.9
Translocations | 1 |  1.9
Transmutations | 1 |  1.9
Ice Magic      | 1 |  1.9
Air Magic      | 1 |  1.9
Earth Magic    | 1 |  1.9
Poison Magic   | 1 |  1.9
Fighting       | 7 |  7.0
Polearms       | 7 |  7.0
Fire Magic     | |  5.8

Action                   |  1- 3 |  4- 6 |  7- 9 || total
-------------------------+-------+-------+-------++-------
Melee: Spear             |    40 |    64 |       ||   104
       Bite              |     1 |     8 |       ||     9
       Short sword       |       |    37 |     8 ||    45
 Cast: Scorch            |    14 |    21 |     8 ||    43
  Use: Scroll            |       |     2 |       ||     2
 Stab: Sleeping          |       |     2 |       ||     2
Armor: Robe              |     4 |     2 |       ||     6
       Ring mail         |       |    37 |    15 ||    52
       Leather armour    |       |     5 |       ||     5
Dodge: Dodged            |    15 |    70 |    22 ||   107

Table legend: (Time is in decaauts)
 A = Elapsed time spent in this place.
 B = Non-inter-level travel time spent in this place.
 C = Inter-level travel time spent in this place.
 D = Time resting spent in this place.
 E = Time spent auto-exploring this place.
 F = Levels seen in this place.
 G = Mean time per level.
                   A        B        C        D        E       F      G
               +--------+--------+--------+--------+--------+-----+--------+
         Total |   3612 |   3454 |    158 |    688 |   2259 |   5 |  722.4 |
       Dungeon |   3612 |   3454 |    158 |    688 |   2259 |   5 |  722.4 |
               +--------+--------+--------+--------+--------+-----+--------+

Top non-repeatable levels by time:
     D:2: 1160 daAuts
     D:3: 1073 daAuts
     D:1: 1022 daAuts
     D:4: 331 daAuts
     D:5: 24 daAuts
